Yev-Ruu, chaotic female vampiric Convict ---------- ---------- ----- ##|...<....| |........| |...| # |........| |........| |@T`|####-........-#####.........| |.>.|# # |..+.....|### |........| -------- |....####%........-### ---------- |......| -----####-.-------- ######################-......| ##^ |......| # |......| ### -------- # ##################### -------------.- |.............| |.............| |....<........| |.............| |.............| --------------- Yev-Ruu the Prisoner Experience level: 10 Strength: 15 Dexterity: 13 Constitution: 18 Intelligence: 13 Wisdom: 10 Charisma: 9 Health: 0(111) Energy: 57(57) AC: 0 Gold: 633 Moves: 7664 Your Inventory: Coins $ - 633 gold pieces Armor b - a cursed +0 striped shirt (being worn) n - an uncursed +0 pair of boots called Water [water walking] (being worn) q - an [uncursed] +0 leather hat [elven leather helm] (being worn) r - an [uncursed] +0 elven mithril-coat (being worn) s - an [uncursed] +0 blue and green shield [elven] (being worn) Comestibles t - an [uncursed] lizard corpse P - an uncursed Hyper Futa Mare Dick Rings m - an [uncursed +3] ceramic ring [of gain wisdom] Tools a - an uncursed [+0] unicorn horn f - an uncursed bag called Hol'up named Portal to the elemtal plane of TEETH [of holding] Gems I - an [uncursed] black gem [obsidian] Iron balls c - an uncursed heavy iron ball (chained to you) (weapon in hand) Contents of the bag of holding named Portal to the elemtal plane of TEETH: an [uncursed] scroll labeled GNIK SISI VLE [of enchant weapon] an [uncursed] scroll labeled VENZAR BORGAVVE [of magic mapping] a [cursed] scroll of identify 2 [uncursed] golden potions [of object detection] an [uncursed] potion of extra healing an [uncursed] looking glass [mirror] Spells known in the end: Name Level Category Fail Memory a - light 1 divination 100% [||||||..] Your skills at the end: Fighting Skills body armor [Basic / Skilled] Weapon Skills flail [Skilled / Expert] sling [Basic / Skilled] Spellcasting Skills Final Attributes: You were piously aligned. Hunger level was -25. Your alignment was 47 / 48. Monster difficulty range was 2 - 11. Level difficulty was 12. You were immune to poison. You were immune to level-drain. You were immune to sickness. You were punished. You could fly. You could walk on water. You could survive without air. You regenerated. Your luck was zero. You are dead. Vanquished creatures: a hill giant a black naga a warg 5 small mimics a xan 2 trolls a shocking sphere a tiger a dwarf king a tengu 2 leocrottas an elf mummy 11 ettin zombies a leather golem a Grey-elf an incubus 2 giant beetles a cockatrice 4 wolves a lynx a leprechaun an iron piercer a mumak 3 giant spiders a horse an orc mummy a yeti a werewolf a lizard a dog 2 dingos a blue jelly 2 white unicorns a gray unicorn a rope golem 4 Woodland-elves 4 soldier ants 4 fire ants a water nymph 8 Mordor orcs 2 rock piercers 2 enormous rats 2 rock moles a fog cloud 3 gnome lords a kobold mummy a red naga hatchling 4 gray oozes a ghoul a paper golem a wax golem 3 giant ants a little dog 3 floating eyes 2 dwarves a homunculus 2 centipedes 2 giant bats a monkey 5 dwarf zombies 2 wererats an iguana 3 acid blobs a hobbit 7 manes 2 large kobolds 3 giant rats 3 cave spiders a yellow mold a red mold 4 gnomes 4 geckos 3 jackals 2 foxes 3 kobolds 3 goblins 12 grid bugs 6 lichens a kobold zombie 10 newts 191 creatures vanquished. Voluntary challenges: You went without food. You never hit with a wielded weapon. You read items or engraved 4 times. You put on armor 20 times. You never genocided any monsters. You never polymorphed an object. You never changed form. You used no wishes. You abstained from Elbereth's help. You never encountered a bones level. You never used any Sokoban shortcuts. Dungeon overview: The Dungeons of Doom: levels 1 to 12 Level 1 an altar to Tymora a long staircase Level 3 stairs to The Gnomish Mines Level 6 a general store Level 9 many fountains Level 10 a potion shop, a fountain stairs to Sokoban Level 11 a fountain Level 12 <- You were here stairs to Town The Gnomish Mines: Level 4 stairs to The Dungeons of Doom Sokoban: Level 9 a magic chest stairs to The Dungeons of Doom Town: Level 11 stairs to The Dungeons of Doom History has recorded: On T:1 you entered the Dungeons of Doom to retrieve the Amulet of Yendor! On T:298 you advanced to experience level 2. On T:570 you advanced to experience level 3. On T:805 you reached level 2 of The Dungeons of Doom. On T:1058 you advanced to experience level 4. On T:1174 you reached level 3 of The Dungeons of Doom. On T:1248 you reached level 1 of The Gnomish Mines. On T:1258 you advanced to experience level 5. On T:1738 you reached level 4 of The Dungeons of Doom. On T:1741 you advanced to experience level 6. On T:2380 you reached level 5 of The Dungeons of Doom. On T:2583 you advanced to experience level 7. On T:2911 you reached level 6 of The Dungeons of Doom. On T:3423 you reached level 7 of The Dungeons of Doom. On T:3524 you advanced to experience level 8. On T:3741 you reached level 8 of The Dungeons of Doom. On T:4109 you reached level 9 of The Dungeons of Doom. On T:4391 you advanced to experience level 9. On T:6137 you reached level 10 of The Dungeons of Doom. On T:6282 you reached level 3 of Sokoban. On T:6553 you advanced to experience level 10. On T:6805 you reached level 11 of The Dungeons of Doom. On T:7280 you reached level 12 of The Dungeons of Doom. On T:7332 you reached level 3 of Town. Latest messages: [17 turns] You stop searching. You faint from lack of food. The troll hits! (2x) The troll bites! [HP-15=96] The troll hits! (2x) The troll bites! [HP-14=82] The troll hits! (2x) The troll bites! [HP-20=62] The troll hits! (2x) The troll bites! [HP-23=39] The troll hits! (2x) The troll bites! [HP-15=24] The troll hits! (2x) The troll bites! [HP-19=5] The troll hits! You die... Final status: Goodbye Yev-Ruu the Convict... You died in The Dungeons of Doom on dungeon level 12 with 18868 points, and 633 pieces of gold, after 7664 moves. You were level 10 with a maximum of 111 hit points when you died.